 Dungeon Crawl Stone Soup version 0.27-a0-345-g7370b58738 (webtiles) character file.

Game seed: 2615467436836648126

384 EldarEldrad the Cleaver (level 6, -3/51 HPs)
             Began as a Minotaur Berserker on Feb 15, 2021.
             Was a Believer of Trog.
             Slain by a killer bee (5 damage)
             ... on level 4 of the Dungeon.
             The game lasted 00:12:54 (3306 turns).

EldarEldrad the Cleaver (Minotaur Berserker)        Turns: 3306, Time: 00:12:56

Health: -3/51      AC:  5    Str: 24    XL:     6   Next: 47%
Magic:  14/14      EV: 11    Int:  4    God:    Trog [**....]
Gold:   137        SH:  0    Dex:  9    Spells: 5/5 levels left

rFire    . . .     SeeInvis .   a - +0 hand axe
rCold    . . .     Faith    .   (no shield)
rNeg     . . .     Spirit   .   c - +0 ring mail
rPois    .         Reflect  .   (helmet restricted)
rElec    .         Harm     .   (no cloak)
rCorr    .         Rampage  .   (no gloves)
Will     .....                  (no boots)
Stlth    ..........             (no amulet)
HPRegen  0.17/turn              d - ring of magical power
MPRegen  0.14/turn              (no ring)

@: lethally poisoned (-3 -> -18), attractive
A: retaliatory headbutt, horns 2
a: Renounce Religion, Berserk, Trog's Hand


You were on level 4 of the Dungeon.
You worshipped Trog.
Trog was pleased with you.
You visited 1 branch of the dungeon, and saw 4 of its levels.

You collected 137 gold pieces.

Inventory:

Hand Weapons
 a - a +0 hand axe (weapon)
Missiles
 b - 172 stones (quivered)
 n - 40 poisoned darts
Armour
 c - a +0 ring mail (worn)
 k - a +0 chain mail
Jewellery
 d - a ring of magical power (left hand)
 h - a ring of protection from cold
 t - an amulet of regeneration {unknown}
Wands
 o - a wand of acid (10)
Scrolls
 f - a scroll of blinking {unknown}
 g - 4 scrolls of magic mapping {unknown}
 l - 5 scrolls of identify {unknown}
 r - a scroll of enchant weapon {unknown}
 s - a scroll of teleportation {unknown}
 u - a scroll of immolation {unknown}
 v - a scroll of fog {unknown}
Potions
 e - a potion of cancellation {unknown}
 i - a potion of attraction
 j - a potion of invisibility {unknown}
 m - a potion of lignification {unknown}
 p - a potion of might {unknown}
 q - a potion of degeneration {unknown}
 w - a potion of heal wounds {unknown}


   Skills:
 - Level 3.6 Fighting
 + Level 8.9 Axes
 - Level 2.4 Armour
 - Level 2.1 Dodging


You had 5 spell levels left.
You didn't know any spells.
Your spell library was empty.

Dungeon Overview and Level Annotations

Branches:
Dungeon (4/15)
 Temple: D:4-7

Altars:


Innate Abilities, Weirdness & Mutations

You reflexively headbutt those who attack you in melee.
You have a pair of horns on your head.


Message History

The killer bee completely misses you.
You hit the killer bee. Your headbutt misses the killer bee.
The killer bee is moderately wounded.
You feel sick. The killer bee closely misses you. The killer bee misses you.
You barely miss the killer bee. You headbutt the killer bee!
The killer bee is severely wounded.
You barely miss the killer bee.
You feel sick. The killer bee stings you. x2
The killer bee stings you but does no damage.
You barely miss the killer bee.
The killer bee is severely wounded.
You miss the killer bee.
You feel sick.
The killer bee stings you but does no damage. x2
The killer bee stings you.
* * * LOW HITPOINT WARNING * * *
The killer bee stings you but does no damage.
You miss the killer bee.
You hit the killer bee but do no damage.
You feel sick. The killer bee stings you.
* * * LOW HITPOINT WARNING * * *
You are lethally poisoned!
The killer bee poisons you! The killer bee closely misses you.
You furiously retaliate!
You headbutt the killer bee!
You kill the killer bee!
Trog accepts your kill. The killer bee closely misses you.
You furiously retaliate!
You headbutt the killer bee! You miss the killer bee.
The killer bee is severely wounded.
* * * LOW HITPOINT WARNING * * *
You feel sick. The killer bee closely misses you. You furiously retaliate!
You headbutt the killer bee, but do no damage.
The killer bee stings you!
* * * LOW HITPOINT WARNING * * *
It was a potion of attraction.
You feel attractive to monsters.
* * * LOW HITPOINT WARNING * * *
You feel sick.
The killer bee stings you but does no damage.
The killer bee stings you.
You die...

#....# #....# ###'##
#...# ### #...# #..##
###########....
#...###..............
+..).#.........##...#
#...@..........##...#
###y†.##.......##...#
#...##.......##....
...............#....
.................#....
.......................
..(.....##.......#.....
........##########.####
... ##...#


You could see a killer bee.

Vanquished Creatures
  2 killer bees (D:4)
  A bullfrog skeleton (D:3)
  An orc priest (D:4)
  A hound (D:4)
  A worker ant (D:4)
  5 gnolls
  3 adders
  An ooze (D:4)
  2 adder skeletons (D:4)
  3 worms
  4 dart slugs
  A leopard gecko (D:2)
  5 orcs
  A ball python (D:2)
  5 giant cockroaches
  10 goblins
  8 hobgoblins
  3 jackals (D:4)
  8 kobolds
  A quokka (D:4)
  6 bats
  5 frilled lizards
  7 rats (D:3)
84 creatures vanquished.

Notes
Turn   | Place    | Note
-------+----------+-------------------------------------------
     0 | D:1      | EldarEldrad the Minotaur Berserker began the quest for the
                  | Orb.
     0 | D:1      | Reached XP level 1. HP: 19/19 MP: 0/0
   100 | D:1      | Reached skill level 4 in Axes
   152 | D:1      | Reached XP level 2. HP: 23/26 MP: 1/1
   567 | D:1      | Reached skill level 5 in Axes
   674 | D:1      | Reached XP level 3. HP: 31/31 MP: 2/2
  1016 | D:2      | Reached ** piety under Trog
  1858 | D:3      | Reached skill level 6 in Axes
  1858 | D:3      | Reached XP level 4. HP: 36/39 MP: 3/3
  2512 | D:3      | Reached XP level 5. HP: 45/45 MP: 4/4
  2518 | D:3      | Reached skill level 7 in Axes
  2964 | D:4      | Reached skill level 8 in Axes
  3153 | D:4      | Reached XP level 6. HP: 46/51 MP: 5/5
  3306 | D:4      | HP: 2/51 [poisoned by a killer bee]
  3306 | D:4      | Slain by a killer bee

Illustrated notes

Levels and vault maps discovered:
D:1:      dpeg_arrival_erosion, layout_loops_ring, minmay_box_of_dots
D:2:      layout_basic, grunt_decor_clamped
D:3:      layout_loops_cross
D:4:      layout_gridville, grunt_temple_overflow_octagram, enter_ossuary_5

Skill      XL: |  1  2  3  4  5 |
---------------+----------------+-----
Axes           | 4 5 6 8 |  8.9
Fighting       | |  3.6
Armour         | |  2.4
Dodging        | |  2.1

Action                   |  1- 3 |  4- 6 || total
-------------------------+-------+-------++-------
Melee: Hand axe          |    84 |   104 ||   188
       Headbutt          |    13 |    22 ||    35
Throw: Stone             |    21 |    45 ||    66
Invok: Berserk           |       |     1 ||     1
       Trog's Hand       |       |     1 ||     1
  Use: Potion            |       |     1 ||     1
Armor: Ring mail         |    20 |    33 ||    53
Dodge: Dodged            |    44 |    68 ||   112

Table legend: (Time is in decaauts)
 A = Elapsed time spent in this place.
 B = Non-inter-level travel time spent in this place.
 C = Inter-level travel time spent in this place.
 D = Time resting spent in this place.
 E = Time spent auto-exploring this place.
 F = Levels seen in this place.
 G = Mean time per level.
                   A        B        C        D        E       F      G
               +--------+--------+--------+--------+--------+-----+--------+
         Total |   3318 |   3184 |    134 |     51 |   2299 |   4 |  829.5 |
       Dungeon |   3318 |   3184 |    134 |     51 |   2299 |   4 |  829.5 |
               +--------+--------+--------+--------+--------+-----+--------+

Top non-repeatable levels by time:
     D:3: 1104 daAuts
     D:2: 1021 daAuts
     D:1: 820 daAuts
     D:4: 372 daAuts
